 Dungeon Crawl Stone Soup version 0.29.1-15-g9cfb28693d (webtiles) character file.

Game seed: 4403163721641388412

232826 Smoke131 the Imperceptible (level 19, -16/119 HPs)
             Began as a Vampire Enchanter on Feb 22, 2023.
             Was the Champion of Makhleb.
             Demolished by a pharaoh ant (32 damage)
             ... on level 4 of the Spider Nest.
             The game lasted 03:20:32 (46140 turns).

Smoke131 the Imperceptible (Vampire Enchanter)     Turns: 46140, Time: 03:20:33

Health: -16/119    AC: 15    Str:  7    XL:     19   Next: 18%
Magic:  23/26      EV: 30    Int: 22    God:    Makhleb [******]
Gold:   3069       SH: 15    Dex: 21    Spells: 17/28 levels left

rFire   . . .      SeeInvis +   F - +7 dagger of Mandamus {vorpal, Int+3}
rCold   + + .      Faith    .   O - +2 kite shield {reflect}
rNeg    + + +      Spirit   .   t - +5 steam dragon scales
rPois   ∞          Reflect  +   Q - +1 hat
rElec   .          Harm     .   y - +1 cloak
rCorr   .          Rampage  .   h - +0 pair of gloves {hurl}
Will    +....                   B - +0 pair of boots Stlth *+++++++++
                                X - amulet of the acrobat
HPRegen 0.00/turn               s - ring of Boischos {rPois EV+4}
MPRegen 0.20/turn               Z - +4 ring of evasion

@: spiked, bloodless, inhibited regen, hasted and slowed
A: bloodless, fangs 3, see invisible, vampiric 2
a: Bat Form, Revivify, Renounce Religion, Minor Destruction, Lesser Servant of
Makhleb, Major Destruction, Greater Servant of Makhleb


You were on level 4 of the Spider Nest.
You worshipped Makhleb.
Makhleb was exalted by your worship.
You visited 6 branches of the dungeon, and saw 31 of its levels.
You visited the Abyss 1 time.
You also visited: Ossuary and Volcano.

You collected 3961 gold pieces.
You spent 892 gold pieces at shops.

Inventory:

Hand Weapons
 c - a +4 scimitar of freezing
 m - a +3 rapier of electrocution
 F - the +7 dagger of Mandamus (weapon) {vorpal, Int+3}
   (You found it on level 10 of the Dungeon)

   It inflicts extra damage upon your enemies.
   Int:       It affects your intelligence (+3).
 J - the +7 scimitar "Nasiur" {freeze, +Blink rF+ Str-3}
   (You found it on level 1 of the Spider Nest)

   It freezes those it strikes, dealing additional cold damage.
   It can also slow down cold-blooded creatures.
   Str:       It affects your strength (-3).
   rF:        It protects you from fire.
   +Blink:    It lets you blink.
Missiles
 G - 12 throwing nets (quivered)
Armour
 h - a +0 pair of gloves of hurling (worn)
 t - +5 steam dragon scales (worn)
 y - a +1 cloak (worn)
 B - a +0 pair of boots (worn)
 O - a +2 kite shield of reflection (worn)
 Q - a +1 hat (worn)
Jewellery
 j - a ring of resist corrosion
 s - the ring of Boischos (left hand) {rPois EV+4}
   (You found it on level 3 of the Swamp)

   [ring of evasion]

   EV:        It affects your evasion (+4).
   rPois:     It protects you from poison.
 v - a ring of protection from fire
 H - a ring of magical power
 M - an amulet of magic regeneration
 U - a ring of poison resistance
 W - the ring "Qicet" {rPois rC+ Will+}
   (You found it on level 15 of the Dungeon)

   [ring of willpower]

   rC:        It protects you from cold.
   rPois:     It protects you from poison.
   Will:      It increases your willpower.
 X - an amulet of the acrobat (around neck)
 Z - a +4 ring of evasion (right hand)
Wands
 g - a wand of mindburst (31)
 n - a wand of polymorph (36)
 o - a wand of paralysis (34)
 C - a wand of iceblast (8)
 E - a wand of flame (101)
 R - a wand of quicksilver (8)
 V - a wand of digging (9)
Scrolls
 a - 5 scrolls of poison
 d - a scroll of immolation
 e - 2 scrolls of vulnerability
 f - 6 scrolls of magic mapping
 l - 8 scrolls of teleportation
 I - 11 scrolls of identify
 L - 2 scrolls of amnesia
 N - 7 scrolls of fog
 P - 4 scrolls of silence
 T - 2 scrolls of summoning
 Y - 2 scrolls of torment
Potions
 i - 18 potions of curing
 k - 4 potions of mutation
 p - a potion of ambrosia
 q - 4 potions of lignification
 r - 3 potions of brilliance
 u - 3 potions of flight
 w - 5 potions of attraction
 z - 4 potions of resistance
 A - 7 potions of might
 D - 4 potions of berserk rage
 K - 3 potions of cancellation


   Skills:
 + Level 13.2 Fighting
 + Level 14.3 Short Blades
 + Level 14.3 Dodging
 - Level 23.2 Stealth
 - Level 10.0 Shields
 - Level 5.0 Spellcasting
 - Level 15.0 Hexes
 - Level 10.0 Ice Magic
 - Level 10.0 Invocations


You had 17 spell levels left.
You knew the following spells:

 Your Spells              Type           Power      Damage    Failure   Level
a - Ensorcelled Hibernat  Hex/Ice        100%       N/A       1%          2
b - Confusing Touch       Hex            64%        N/A       1%          3
c - Tukima's Dance        Hex            64%        N/A       1%          3
d - Dazzling Flash        Conj/Hex       76%        N/A       3%          3

Your spell library contained the following spells:

 Spells                   Type           Power      Damage    Failure   Level
 Summon Guardian Golem    Hex/Summ       38%        N/A       3%          3
 Anguish                  Hex/Necr       19%        N/A       10%         4
 Fulminant Prism          Conj/Hex       19%        3d11      10%         4
 Magic Dart               Conj           20%        1d4       22%         1
 Sandblast                Erth           10%        2d5       22%         1
 Summon Small Mammal      Summ           20%        N/A       22%         1
 Summon Ice Beast         Ice/Summ       27%        N/A       28%         4
 Summon Mana Viper        Hex/Summ       38%        N/A       28%         5
 Passwall                 Tmut/Erth      4%         N/A       32%         2
 Poisonous Vapours        Pois/Air       10%        N/A       32%         2
 Searing Ray              Conj           10%        2d4       32%         2
 Sublimation of Blood     Necr           5%         N/A       32%         2
 Enfeeble                 Hex            32%        N/A       36%         7
 Call Canine Familiar     Summ           5%         N/A       54%         3
 Conjure Flame            Conj/Fire      5%         6-21      54%         3
 Ignite Poison            Fire/Tmut/Pois 5%         N/A       54%         3
 Spider Form              Tmut/Pois      5%         N/A       54%         3
 Stone Arrow              Conj/Erth      10%        3d7       54%         3
 Animate Armour           Summ/Erth      10%        N/A       91%         4
 Corpse Rot               Necr/Pois/Air  5%         N/A       91%         4
 Dispel Undead            Necr           5%         3d7       91%         4
 Iskenderun's Mystic Bla  Conj/Tloc      5%         2d3       91%         4
 Petrify                  Tmut/Erth      5%         N/A       91%         4
 Sticky Flame             Conj/Fire      5%         2d3       91%         4
 Discord                  Hex            32%        N/A       97%         8
 Alistair's Intoxication  Tmut/Pois      3%         N/A       99%         5
 Blade Hands              Tmut           2%         N/A       99%         5
 Borgnjor's Vile Clutch   Necr/Erth      2%         N/A       99%         5
 Fireball                 Conj/Fire      2%         3d4       99%         5
 Irradiate                Conj/Tmut      2%         3d12      99%         5
 Iskenderun's Battlesphe  Conj           5%         2d6       99%         5
 Conjure Ball Lightning   Conj/Air       2%         3x3d6     100%        6
 Death Channel            Necr           2%         N/A       100%        6
 Eringya's Noxious Bog    Tmut/Pois      2%         N/A       100%        6
 Iron Shot                Conj/Erth      2%         9d2       100%        6
 Starburst                Conj/Fire      2%         6d3       100%        6
 Monstrous Menagerie      Summ           2%         N/A       100%        7
 Orb of Destruction       Conj           2%         9d5       100%        7
 Spellforged Servitor     Conj/Summ      2%         N/A       100%        7
 Disjunction              Tloc           2%         N/A       100%        8
 Maxwell's Capacitive Co  Air            2%         ∞         100%        8
 Chain Lightning          Conj/Air       2%         3d3       100%        9


Dungeon Overview and Level Annotations

Branches:
Dungeon (15/15)            Temple (1/1) D:5            Lair (5/5) D:8
  Swamp (4/4) Lair:2       Spider (4/4) Lair:2        Slime (0/5) Lair:5
    Orc (2/2) D:12            Elf (0/3) Orc:2        Vaults (0/5) D:13
 Depths (0/4) D:15        Ossuary (visited)         Volcano (visited)

Altars:
Ashenzari
Cheibriados
Dithmenos
Fedhas
Gozag
Hepliaklqana
Kikubaaqudgha
Makhleb
Nemelex Xobeh
Okawaru
Qazlal
Ru
Sif Muna
Trog
Uskayaw
Wu Jian
Xom
Yredelemnul
Jiyva

Shops:
D:10 [   Orc:2 !=**

Portals:
Trove: D:12 (give +4 storm dragon scales)

Annotations:
D:15 3 runed translucent doors
Swamp:3 1 runed translucent door, nroviw's ghost, adept HOBe
Spider:3 Roxanne


Innate Abilities, Weirdness & Mutations

You do not regenerate when monsters are visible.
You are frail without blood (-20% HP).
You can heal yourself when you bite living creatures.
You are immune to poison.
You have razor-sharp teeth.
You have supernaturally acute eyesight. (SInv)
You are afflicted with vampirism and can become a bat while bloodless.


Message History

You block the demonic crawler's attack. The pharaoh ant closely misses you.
The meliai closely misses you. The meliai misses you.
The meliai barely misses you. The meliai closely misses you.
The steelbarb worm hits you!
* * * LOW HITPOINT WARNING * * *
Barbed spikes become lodged in your body.
You feel much better.
The demonic crawler completely misses you.
The demonic crawler barely misses you. x2; The meliai misses you.
You block the meliai's attack. x2; The meliai barely misses you.
The pharaoh ant closely misses you. You block the steelbarb worm's attack.
The meliai completely misses you. The meliai barely misses you.
The demonic crawler completely misses you. x3
The meliai misses you. You block the meliai's attack.
The barbs in your skin will harm you if you move.
Continue?
Okay, then.
As you read the scroll of fear, it crumbles to dust.
You assume a fearsome visage.
The steelbarb worm looks frightened!
The demonic crawler resists with almost no effort.
The spark wasp looks frightened!
The torpor snail looks frightened!
The meliai looks frightened! x2; The pharaoh ant is unaffected.
You block the pharaoh ant's attack.
The demonic crawler hits you but does no damage.
You block the demonic crawler's attack.
The demonic crawler completely misses you.
You block the pharaoh ant's attack.
Casting: Ensorcelled Hibernation (safe; 1% risk of failure)
Confirm with . or Enter, or press ? or * to list all spells.
Casting: Dazzling Flash (mildly dangerous; 3% risk of failure)
Press: ? - help, Dir - look around, f - activate The demonic crawler is dazzled.
The meliai is dazzled.
The demonic crawler shrieks in warning!
The pharaoh ant bites you!!
* * * LOW HITPOINT WARNING * * *
You hear an angry buzzing noise.
You hear a hideous shriek! x2
You hear an angry buzzing noise.
You hear a hideous shriek!
You puncture the demonic crawler!
The demonic crawler is moderately wounded.
The pharaoh ant bites you!!
You die...

..........^.......(†## ...#
..<†................)####..##
#.........y.......^..†##..).#.y
.......................[.........
....................ww...........
.....................y...........
.....................y##..:.#....
....................^###....#...#
...............s@...## (...## ..#
.................B.## ...## ..
...................# ..#
..<................##
....................##
.....................######
^^........................#
..........................##
...........................#####


You could see a steelbarb worm (fleeing), a spark wasp (fleeing), a torpor snail
(fleeing), a demonic crawler (wandering, blind, catching breath), a pharaoh ant
and 2 meliai.

Vanquished Creatures
  Nikola (Spider:2)
  Arachne (Spider:2)
  Mlioglotl (Spider:3)
  Jorgrun (Orc:2)
  Asterion (Spider:3)
  Kirke (Lair:4)
  A fenstrider witch (Swamp:4)
  2 emperor scorpions
  2 ghost moths
  4 ghouls (Swamp:3)
  4 broodmothers
  7 eleionomae
  6 entropy weavers
  5 bunyips
  2 spark wasps (Spider:3)
  Josephine (D:10)
  A shambling mangrove (Swamp:4)
  30 hydras
  2 ghost crabs
  11 centaur warriors
  An ogre mage (D:13)
  4 catoblepae
  4 boulder beetles
  5 radroaches
  5 two-headed ogres
  A dancing weapon (Volcano)
  11 alligators
  2 tengu warriors
  9 death yaks
  3 orc high priests
  6 spriggans
  A deep elf knight (D:11)
  3 pharaoh ants
  5 skeletal warriors
  2 spriggan druids (Swamp:3)
  A spark wasp zombie (D:15)
  5 goliath frogs
  10 steelbarb worms
  A deep elf archer (D:11)
  15 swamp dragons
  8 orb spiders
  6 wizards
  4 bog bodies
  A flayed ghost (D:15)
  A lindwurm (Lair:5)
  Pikel (D:8)
  A tengu zombie (D:15)
  2 deep elf pyromancers
  7 orc knights
  10 wolf spiders
  A necromancer (D:15)
  5 manticores
  18 elephants
  4 cyclopes
  3 moths of wrath (Spider:3)
  5 toenail golems (Volcano)
  13 ugly things
  5 orc sorcerers (Orc:2)
  3 will-o-the-wisps (Swamp:3)
  10 black mambas
  Maurice (D:8)
  A guardian serpent (Lair:5)
  A fire giant skeleton (D:15)
  4 centaur skeletons (D:13)
  A gargoyle (D:13)
  Joseph (D:8)
  4 rime drakes
  16 cane toads
  3 torpor snails
  Maggie (D:7)
  3 yaktaurs (D:15)
  7 demonic crawlers
  A freezing wraith (D:14)
  2 efreet
  9 komodo dragons
  A guardian mummy (D:15)
  2 tengu conjurers
  4 trolls
  11 meliai
  7 tyrant leeches
  2 hornets (shapeshifter) (D:15)
  A troll (shapeshifter) (D:13)
  11 slime creatures
  22 tarantellas
  14 hornets
  Prince Ribbit (D:6)
  16 blink frogs
  23 jumping spiders
  11 dream sheep
  Sigmund (D:4)
  18 culicivoras
  10 wyverns
  5 wraiths
  28 yaks
  A water elemental (D:14)
  2 shadows
  2 basilisks
  3 hogs
  40 redbacks
  13 vampire mosquitoes
  A glowing shapeshifter zombie (D:15)
  24 water moccasins
  4 wargs (Orc:2)
  16 swamp worms
  An acid dragon (D:9)
  2 ice beasts (D:6)
  4 swamp drakes
  28 orc warriors
  3 sky beasts
  15 wolves
  9 ogres
  9 centaurs
  A phantom (D:5)
  Blork the orc (D:5)
  A kobold brigand (D:6)
  8 bullfrogs
  5 scorpions
  2 necrophages
  A gnoll sergeant (D:12)
  4 water moccasin zombies (Ossuary)
  12 wights
  14 killer bees
  2 howler monkeys
  Crazy Yiuf (D:3)
  9 hounds
  3 jellies
  16 orc priests
  4 iguanas
  Terence (D:2)
  Natasha (thrice) (D:2)
  22 orc wizards
  2 mummies (Ossuary)
  22 gnolls
  9 adders
  An ufetubus (D:7)
  3 adder zombies (Ossuary)
  2 worms (D:5)
  3 dart slugs
  62 orcs
  6 ball pythons
  17 bats
  4 endoplasms
  8 giant cockroaches
  2 gnoll zombies (Ossuary)
  9 goblins
  14 hobgoblins
  4 jackals (D:3)
  15 kobolds
  6 quokkas
  4 frilled lizards
  2 hobgoblin zombies (Ossuary)
  5 kobold zombies (Ossuary)
  4 orc zombies (Ossuary)
  8 rats
1028 creatures vanquished.

Vanquished Creatures (collateral kills)
  A shambling mangrove (Swamp:4)
1 creature vanquished.

Vanquished Creatures (others)
  A bloated husk (Swamp:2)
  20 foxfires
  45 fungi
  59 plants
125 creatures vanquished.

Grand Total: 1154 creatures vanquished

Notes
Turn   | Place    | Note
-------+----------+-------------------------------------------
     0 | D:1      | Smoke131 the Vampire Enchanter began the quest for the Orb.
     0 | D:1      | Reached XP level 1. HP: 13/13 MP: 3/3
   295 | D:1      | Reached XP level 2. HP: 15/15 MP: 5/5
   456 | D:1      | Learned a level 2 spell: Ensorcelled Hibernation
   557 | D:1      | Found a faded altar of an unknown god.
   561 | D:1      | Got the Incunable of Atmospheric Filth
  1095 | D:2      | Gained mutation: You are afflicted with vampirism and can
                  | become a bat while bloodless. [Vampire growth]
  1095 | D:2      | Reached XP level 3. HP: 20/20 MP: 6/6
  2014 | D:2      | Noticed Terence
  2020 | D:2      | Killed Terence
  2021 | D:2      | Reached skill level 1 in Fighting
  2021 | D:2      | Reached skill level 5 in Stealth
  2021 | D:2      | Reached XP level 4. HP: 25/25 MP: 7/7
  2086 | D:2      | Reached skill level 5 in Hexes
  2155 | D:2      | Noticed Natasha
  2162 | D:2      | Killed Natasha
  2584 | D:2      | Noticed Natasha
  2785 | D:2      | Killed Natasha
  2786 | D:2      | Reached XP level 5. HP: 16/29 MP: 1/8
  3036 | D:2      | Noticed Natasha
  3045 | D:2      | Killed Natasha
  3362 | D:3      | Learned a level 3 spell: Confusing Touch
  3366 | D:3      | Learned a level 3 spell: Tukima's Dance
  4062 | D:3      | Found a runed translucent door.
  4063 | D:3      | Noticed Crazy Yiuf
  4072 | D:3      | Killed Crazy Yiuf
  4187 | D:4      | Noticed Sigmund
  4190 | D:4      | Reached skill level 6 in Stealth
  4192 | D:4      | Killed Sigmund
  4193 | D:4      | Reached XP level 6. HP: 35/35 MP: 10/10
  4427 | D:4      | Reached XP level 7. HP: 33/40 MP: 6/12
  4785 | D:4      | Reached skill level 1 in Ice Magic
  5569 | D:4      | Reached skill level 7 in Stealth
  5839 | D:5      | Entered Level 5 of the Dungeon
  6007 | D:5      | Noticed a hornet
  6014 | D:5      | Killed a hornet
  6015 | D:5      | Reached XP level 8. HP: 46/46 MP: 10/13
  6020 | D:5      | Found a sand-covered staircase.
  6025 | Ossuary  | Entered an ossuary
  6784 | D:5      | Noticed Blork the orc
  6789 | D:5      | Killed Blork the orc
  6790 | D:5      | Reached skill level 5 in Dodging
  6931 | D:5      | Reached skill level 8 in Stealth
  7081 | D:5      | Found a staircase to the Ecumenical Temple.
  7087 | Temple   | Entered the Ecumenical Temple
  7166 | Temple   | Became a worshipper of Makhleb the Destroyer
  8420 | D:6      | Found an iron altar of Okawaru.
  8422 | D:6      | Found an ancient bone altar of Kikubaaqudgha.
  8423 | D:6      | Found a hide-covered altar of Uskayaw.
  8428 | D:6      | Found a bloodstained altar of Trog.
  8429 | D:6      | Found a stormy altar of Qazlal.
  8431 | D:6      | Found a hazy altar of Hepliaklqana.
  8432 | D:6      | Found a snail-covered altar of Cheibriados.
  8434 | D:6      | Found an ornate altar of the Wu Jian Council.
  8440 | D:6      | Found a blossoming altar of Fedhas.
  8471 | D:6      | Reached skill level 1 in Invocations
  8489 | D:6      | Reached * piety under Makhleb
  8490 | D:6      | Reached XP level 9. HP: 52/52 MP: 8/15
  8786 | D:6      | Noticed Prince Ribbit
  8801 | D:6      | Killed Prince Ribbit
  9035 | D:6      | Reached skill level 5 in Short Blades
  9108 | D:6      | Reached skill level 9 in Stealth
  9411 | D:7      | Noticed Maggie
  9416 | D:7      | Killed Maggie
  9556 | D:7      | Reached skill level 5 in Spellcasting
  9913 | D:7      | Found a shadowy altar of Dithmenos.
 10596 | D:7      | Reached XP level 10. HP: 58/58 MP: 12/17
 10857 | D:8      | Noticed Maurice
 10884 | D:8      | Found a staircase to the Lair.
 10940 | D:8      | Reached ** piety under Makhleb
 10948 | D:8      | Reached skill level 10 in Stealth
 11044 | D:8      | Noticed Pikel
 11049 | D:8      | Noticed Joseph
 11056 | D:8      | Killed Pikel
 11180 | D:8      | Killed Joseph
 11181 | D:8      | Reached skill level 5 in Fighting
 11181 | D:8      | Reached skill level 5 in Ice Magic
 11680 | D:8      | Reached skill level 10 in Hexes
 12037 | D:8      | Found a sacrificial altar of Ru.
 12116 | D:8      | Killed Maurice
 12476 | D:9      | Noticed a two-headed ogre
 12481 | D:9      | Learned a level 3 spell: Dazzling Flash
 12532 | D:9      | Killed a two-headed ogre
 12533 | D:9      | Reached XP level 11. HP: 64/64 MP: 15/18
 13175 | D:9      | Reached skill level 5 in Invocations
 13609 | D:10     | Entered Level 10 of the Dungeon
 13627 | D:10     | Found Nuaj's Antique Armour Shop.
 13648 | D:10     | Bought a glowing buckler for 225 gold pieces
 13678 | D:10     | Reached *** piety under Makhleb
 13715 | D:10     | Bought a pair of embroidered gloves for 225 gold pieces
 13743 | D:10     | Noticed a boulder beetle
 14219 | D:10     | Noticed Josephine
 14233 | D:9      | Reached skill level 1 in Shields
 14573 | D:9      | Killed a boulder beetle
 14779 | D:10     | Killed Josephine
 14792 | D:10     | Identified the +7 dagger of Mandamus {vorpal, Int+3}
 14845 | D:10     | Noticed an angel
 14855 | D:10     | Found a basalt altar of Yredelemnul.
 14857 | D:10     | Noticed a profane servitor
 14930 | D:11     | Identified the +4 war axe "Weybro" {vorpal, Fly rC+}
 15068 | D:11     | Noticed a six-headed hydra
 15139 | D:11     | Noticed a centaur warrior
 15308 | D:10     | Bought a runed hat for 210 gold pieces
 15560 | D:11     | Killed a six-headed hydra
 15602 | D:11     | Noticed a deep elf archer
 15602 | D:11     | Noticed a deep elf knight
 15602 | D:11     | Noticed a centaur warrior
 15603 | D:11     | Noticed a centaur warrior
 15621 | D:11     | Killed a centaur warrior
 15626 | D:11     | Killed a centaur warrior
 15627 | D:11     | Reached XP level 12. HP: 71/71 MP: 6/19
 15646 | D:11     | Noticed a centaur warrior
 15654 | D:11     | Killed a centaur warrior
 15769 | D:11     | Identified the +11 halberd of Indignation {vamp, rElec
                  | Dex+6}
 15866 | D:11     | Identified the +2 whip of Kinuagh {venom, Stlth+}
 15869 | D:11     | Killed a centaur warrior
 15920 | D:11     | Identified the +5 flail of Othifu {vorpal, Dex+6}
 15920 | D:11     | Noticed a centaur warrior
 15946 | D:11     | Killed a centaur warrior
 15960 | D:11     | Reached **** piety under Makhleb
 16011 | D:11     | Identified the +2 robe of the Grey Skies {*Corrode rC+
                  | Will+}
 16059 | D:11     | Found an iron altar of Okawaru.
 16294 | Lair:1   | Entered Level 1 of the Lair of Beasts
 17245 | Lair:2   | Noticed a death yak
 17246 | Lair:2   | Noticed a death yak
 17269 | Lair:1   | Reached skill level 10 in Dodging
 17477 | Lair:1   | Killed a death yak
 17585 | Lair:2   | Noticed a death yak
 17838 | Lair:2   | Noticed a six-headed hydra
 17850 | Lair:2   | Killed a six-headed hydra
 17934 | Lair:2   | Noticed a six-headed hydra
 17963 | Lair:1   | Reached skill level 10 in Ice Magic
 18173 | Lair:2   | Killed a six-headed hydra
 18367 | Lair:2   | Noticed a four-headed hydra
 18373 | Lair:2   | Killed a four-headed hydra
 18374 | Lair:2   | Reached XP level 13. HP: 78/78 MP: 15/20
 18572 | Lair:2   | Found a hole to the Spider Nest.
 18919 | Lair:2   | Found a staircase to the Swamp.
 19103 | Lair:3   | Reached skill level 10 in Short Blades
 19721 | Lair:4   | Found a dark tunnel.
 19739 | Volcano  | Entered a volcano
 19885 | Volcano  | Reached ***** piety under Makhleb
 21297 | Lair:3   | Reached skill level 10 in Fighting
 21666 | Lair:4   | Noticed Kirke
 22116 | Lair:3   | Reached skill level 10 in Invocations
 22168 | Lair:4   | Killed Kirke
 22703 | Lair:5   | Entered Level 5 of the Lair of Beasts
 22712 | Lair:4   | Reached skill level 5 in Shields
 22807 | Lair:4   | Reached XP level 14. HP: 83/88 MP: 14/21
 23381 | Lair:5   | Found a viscous altar of Jiyva.
 23382 | Lair:5   | Found a staircase to the Slime Pits.
 26543 | D:12     | Reached XP level 15. HP: 92/92 MP: 22/22
 26786 | D:12     | Found a staircase to the Orcish Mines.
 26989 | D:12     | Found a portal to a secret trove of treasure.
 27414 | D:13     | Reached skill level 10 in Shields
 27588 | D:13     | Reached skill level 11 in Stealth
 27820 | D:13     | Reached ****** piety under Makhleb
 27880 | D:13     | Reached skill level 15 in Hexes
 27961 | D:13     | Reached skill level 12 in Stealth
 28057 | D:13     | Found a gate to the Vaults.
 28616 | D:14     | Reached skill level 13 in Stealth
 29303 | Abyss:3  | Cast into level 3 of the Abyss (a wizard)
 29313 | D:14     | Escaped the Abyss
 29394 | D:14     | Reached skill level 14 in Stealth
 29536 | D:14     | Reached skill level 15 in Stealth
 29764 | D:15     | Entered Level 15 of the Dungeon
 29814 | D:15     | Identified the ring "Qicet" {rPois rC+ Will+}
 29897 | D:15     | Reached skill level 16 in Stealth
 30004 | D:15     | Found a staircase to the Depths.
 30328 | D:15     | Reached skill level 17 in Stealth
 30524 | D:15     | Found a broken altar of Ashenzari.
 30812 | D:15     | Found a runed translucent gate.
 30812 | D:15     | Found a runed translucent gate.
 30812 | D:15     | Found a runed translucent gate.
 31107 | Orc:1    | Entered Level 1 of the Orcish Mines
 31306 | Orc:1    | Found a bloodstained altar of Trog.
 31345 | Orc:1    | Reached skill level 18 in Stealth
 31550 | Orc:2    | Entered Level 2 of the Orcish Mines
 31691 | Orc:2    | Noticed Jorgrun
 31706 | Orc:2    | Killed Jorgrun
 31933 | Orc:2    | Found a staircase to the Elven Halls.
 32595 | Orc:2    | Reached XP level 16. HP: 97/97 MP: 19/23
 32746 | Orc:2    | Found Ywetwe's Assorted Antiques.
 32792 | Orc:1    | Reached skill level 19 in Stealth
 33319 | Orc:2    | Found Fydghoni's Distillery.
 33325 | Orc:2    | Found Lule's Assorted Antiques.
 33331 | Orc:2    | Found Ydameudo's Jewellery Shoppe.
 33466 | Orc:2    | Bought a scroll of magic mapping for 232 gold pieces
 34251 | Swamp:1  | Entered Level 1 of the Swamp
 34267 | Swamp:1  | You fall into a shaft and drop 1 floor!
 34276 | Swamp:2  | Reached skill level 20 in Stealth
 34589 | Swamp:1  | Reached skill level 21 in Stealth
 34921 | Swamp:1  | Identified the +5 fire dragon scales "Pukeamyi" {rF++ rC-
                  | Dex+4 Stlth+}
 35181 | Swamp:2  | Reached skill level 22 in Stealth
 36054 | Swamp:1  | Reached skill level 23 in Stealth
 36534 | Swamp:3  | Identified the ring of Boischos {rPois EV+4}
 36837 | Swamp:3  | Found a sparkling altar of Nemelex Xobeh.
 36881 | Swamp:3  | Found a runed translucent door.
 36884 | Swamp:3  | Noticed nroviw's ghost (adept HOBe)
 37480 | Swamp:4  | Entered Level 4 of the Swamp
 38200 | Swamp:3  | Reached XP level 17. HP: 104/104 MP: 24/24
 38944 | Swamp:4  | Reached XP level 18. HP: 110/110 MP: 22/25
 40267 | Swamp:4  | Noticed a tentacled monstrosity
 40852 | Spider:1 | Entered Level 1 of the Spider Nest
 41627 | Spider:1 | Identified the +7 scimitar "Nasiur" {freeze, +Blink rF+
                  | Str-3}
 42481 | Spider:2 | Identified the +2 scale mail "Luq Gutwe" {rPois}
 42517 | Spider:2 | Noticed Arachne
 42524 | Spider:2 | Killed Arachne
 42624 | Spider:2 | Noticed Nikola
 42627 | Spider:2 | Killed Nikola
 43781 | Spider:3 | Noticed Asterion
 43824 | Spider:3 | Killed Asterion
 43889 | Spider:3 | Noticed Mlioglotl
 43915 | Spider:3 | Noticed a bone dragon
 44308 | Spider:3 | Killed Mlioglotl
 44414 | Spider:3 | Identified Roxanne's Spellbook of Evolution
 44414 | Spider:3 | Noticed Roxanne
 45109 | Spider:3 | Reached XP level 19. HP: 118/118 MP: 26/26
 45186 | Spider:4 | Entered Level 4 of the Spider Nest
 46140 | Spider:4 | Demolished by a pharaoh ant

Illustrated notes

Levels and vault maps discovered:
D:1:      moated_graveyard_arrival, layout_loops_corners,
          dilly_ecumenical_altar_fadedgnrine
D:2:      minmay_recursive_quarters, layout_basic, minmay_3d_cube, uniq_terence,
          uniq_natasha
D:3:      cheibrodos_greedy_goblins, layout_rooms, mainiacjoe_overflow_alcove_2,
          uniq_crazy_yiuf_cottage
D:4:      minmay_skewed_foursquare, layout_basic, uniq_sigmund
D:5:      layout_gridville, minmay_temple_entry_enclosed_plants,
          nicolae_ossuary_entry_ruins, dreamdust_gnoll_farm, uniq_blork_the_orc
D:6:      layout_gridville, nicolae_overflow_hallway_of_the_gods,
          uniq_prince_ribbit1
D:7:      layout_basic, grunt_dithmenos_smoke_and_mirrors, hex_intersection,
          uniq_maggie
D:8:      layout_basic, mainiacjoe_overflow_concentric_impassable,
          dpeg_oklobed_lair, uniq_maurice, uniq_joseph, uniq_pikel
D:9:      layout_loops_ring, nicolae_elevator_lobby_plus
D:10:     layout_rooms, grunt_temple_overflow_holy_war, serial_shops,
          nicolae_square_shop, lemuel_flamethrower_1, uniq_josephine
D:11:     evilmike_iron_armoury, layout_rooms
D:12:     layout_irregular_city, orc_0_dummy, trove_entry_hex_spiral
D:13:     layout_loops_ring, hangedman_vaults_entry_quadrant_bands
D:14:     layout_rooms, minmay_crystal_water, patterned_corridor
D:15:     gammafunk_depths_entry_grave, layout_basic, ashenzari_altar_1,
          ploomutoo_gammafunk_ghost_potion_laboratory
Temple:   hellmonk_temple_beads
Lair:1:   layout_long_grid
Lair:2:   layout_chaotic_city, palyth_hydra_swamp_entry, spider_nest_entry_webs,
          roderic_batcave
Lair:3:   layout_big_grid
Lair:4:   layout_regular_city, nicolae_volcano_entry_lava_flow,
          serial_bayou_shore_b, uniq_kirke
Lair:5:   hangedman_lair_tendril_chambers, layout_regular_city,
          hangedman_lair_in_review, minmay_slime_entry_pillars
Swamp:1:  layout_falls_marsh, nicolae_swamp_fairy_circle, st_swamp_ruins_1
Swamp:2:  layout_basic_swamp, evilmike_swamp_ruin_house_1
Swamp:3:  layout_falls_marsh, hellmonk_ghost_happy_afterlife, basic_altar,
          swamp_pool4, hangedman_swamp_lotus, nicolae_swamp_alligator_family
Swamp:4:  swamp_basic_johnstein, layout_basic_swamp
Spider:1: layout_spider_delve
Spider:2: layout_cave_pods, uniq_arachne, uniq_nikola
Spider:3: nicolae_spider_hall_of_the_moth_king, uniq_roxanne, uniq_mlioglotl,
          uniq_asterion
Spider:4: hellmonk_spider_rune_bug_friends
Orc:1:    layout_caves, basic_altar, minmay_orc_barracks
Orc:2:    st_orc_elflike, layout_caves, uniq_jorgrun

Skill      XL: |  1  2  3  4  5  6  7  8  9 10 11 12 13 14 15 16 17 18 19 |
---------------+----------------------------------------------------------+-----
Fighting       | 1 2 3 4 5 6 7 10 11 12 13 | 13.2
Stealth        | 5 6 7 8 9 10 18 23 | 23.2
Hexes          | 5 6 7 9 10 14 15 | 15.0
Short Blades   | 2 3 4 5 7 8 9 10 11 13 14 | 14.3
Dodging        | 3 4 5 6 7 9 10 11 13 14 | 14.3
Spellcasting   | 3 4 5 |  5.0
Ice Magic      | 2 3 4 5 7 10 | 10.0
Invocations    | 1 2 4 6 7 10 | 10.0
Shields        | 2 4 5 9 10 | 10.0

Action                   |  1- 3 |  4- 6 |  7- 9 | 10-12 | 13-15 | 16-18 | 19-21 || total
-------------------------+-------+-------+-------+-------+-------+-------+-------++-------
Melee: Dagger            |    98 |   118 |   277 |   248 |  1056 |   782 |    90 ||  2669
       Bite              |     8 |    12 |    30 |    37 |   164 |   124 |    10 ||   385
       Punch             |     2 |     1 |     4 |     3 |       |       |       ||    10
       Long sword        |       |       |    23 |    76 |       |       |       ||    99
       Scimitar          |       |       |       |       |       |    74 |       ||    74
Throw: Throwing net      |       |       |       |       |       |     1 |       ||     1
 Cast: Ensorcelled Hiber |       |    17 |    69 |   178 |   283 |   287 |    39 ||   873
       Confusing Touch   |       |       |    22 |    20 |    48 |    60 |     3 ||   153
       Dazzling Flash    |       |       |       |    10 |    39 |    28 |     1 ||    78
Invok: Minor Destruction |       |       |       |       |     4 |     2 |       ||     6
       Lesser Servant of |       |       |       |       |     2 |       |       ||     2
       Major Destruction |       |       |       |       |     1 |     1 |       ||     2
 Abil: Exsanguinate      |     1 |       |       |       |       |     1 |       ||     2
       End Transformatio |       |       |       |     1 |     1 |       |       ||     2
       Bat Form          |       |       |       |     1 |     1 |       |       ||     2
       Revivify          |       |       |       |     1 |       |     1 |       ||     2
Evoke: Wand              |       |       |       |     5 |    23 |     3 |       ||    31
  Use: Potion            |       |     1 |     1 |     2 |     7 |    18 |     3 ||    32
       Scroll            |       |       |    19 |     7 |     8 |     9 |     2 ||    45
 Stab: Sleeping          |    20 |    27 |    79 |   105 |   206 |   201 |    37 ||   675
       Distracted        |       |     3 |       |     3 |     3 |     7 |       ||    16
       Confused          |       |       |    23 |    24 |    46 |    48 |     1 ||   142
       Paralysed         |       |       |       |     2 |       |       |       ||     2
       Invisible         |       |       |       |     8 |    43 |    20 |       ||    71
       Petrified         |       |       |       |       |     3 |       |       ||     3
       Held in net/web   |       |       |       |       |       |     2 |       ||     2
Armor: Robe              |    23 |    16 |    35 |       |       |       |       ||    74
       Steam dragon scal |       |       |    27 |    62 |   169 |   131 |    14 ||   403
Dodge: Dodged            |    64 |    80 |   245 |   263 |   601 |   812 |   140 ||  2205
Block: Buckler           |       |       |       |    97 |    87 |       |       ||   184
       Kite shield       |       |       |       |       |   506 |   713 |    97 ||  1316
       Reflection        |       |       |       |       |    35 |     8 |       ||    43
